[Event "Team 45 45 League T78"]
[Site "Internet Chess Club"]
[Date "2018.10.27"]
[Round "6"]
[White "ascoli"]
[Black "kabindra"]
[Result "0-1"]
[WhiteElo "1674"]
[BlackElo "1654"]
[Opening "QP counter-gambit (elephant gambit)"]
[ECO "C40"]
[Time "15:01:01"]
[TimeControl "2700+45"]

1. e4 e5 2. Nf3 d5 3. exd5 e4 4. Qe2 Nf6 5. Nc3 Be7 6. Nxe4 O-O 7. d3 Nxd5 8.
Bd2 Re8 9. O-O-O f5 10. Nc3 Bf6 11. Be3 Bxc3 12. bxc3 Nxc3 13. Qd2 Nxd1 14. Kxd1
Nc6 15. g3 Qd5 16. Bg2 Qxa2 17. Nh4 Qa1+ 18. Ke2 Nd4# {White checkmated} 0-1

[Event "Team 45 45 League T78"]
[Site "Internet Chess Club"]
[Date "2018.10.29"]
[Round "6"]
[White "QuieroAprender"]
[Black "kllrchris"]
[Result "1/2-1/2"]
[WhiteElo "1670"]
[BlackElo "1631"]
[Opening "Sicilian defense"]
[ECO "B20"]
[Time "19:40:41"]
[TimeControl "2700+45"]

1. e4 c5 2. Bc4 e6 3. c3 a6 4. a4 d6 5. Na3 Nf6 6. d3 Be7 7. Ne2 O-O 8. O-O b6
9. Ng3 Bb7 10. Qe2 Nbd7 11. f4 d5 12. Bb3 dxe4 13. dxe4 e5 14. f5 Qc7 15. Nc4 b5
16. axb5 axb5 17. Na3 c4 18. Bc2 Bc5+ 19. Be3 Bxe3+ 20. Qxe3 Ng4 21. Qe2 Qb6+
22. Kh1 Ne3 23. Rfe1 Nxc2 24. Nxc2 Rxa1 25. Rxa1 Nc5 26. Nb4 Rd8 27. h3 Qd6 28.
Re1 Qd2 29. Qxd2 Rxd2 30. Re2 Nb3 31. Rxd2 Nxd2 {Game drawn by mutual agreement}
1/2-1/2

[Event "Team 45 45 League T78"]
[Site "Internet Chess Club"]
[Date "2018.10.29"]
[Round "6"]
[White "MartyJR"]
[Black "olivermx"]
[Result "1-0"]
[WhiteElo "1432"]
[BlackElo "1149"]
[Opening "Queen's pawn, Mason variation"]
[ECO "D00"]
[Time "21:16:58"]
[TimeControl "2700+45"]

1. d4 d5 2. Bf4 Nf6 3. e3 c5 4. dxc5 e6 5. Nf3 Bxc5 6. Bd3 O-O 7. O-O Nbd7 8.
Nbd2 b6 9. Nb3 Be7 10. h3 Bb7 11. Nbd4 a6 12. c4 dxc4 13. Bxc4 Bxf3 14. Nxf3 Nc5
15. Qe2 b5 16. Rfd1 Qb6 17. Bd3 Rad8 18. Rac1 Nd5 19. Bg3 Nb4 20. Bb1 Nd5 21.
Qc2 g6 22. Be5 f6 23. Bd4 Rc8 24. Qd2 e5 25. Bxc5 Bxc5 26. Qxd5+ {Black resigns}
1-0

[Event "Team 45 45 League T78"]
[Site "Internet Chess Club"]
[Date "2018.10.30"]
[Round "6"]
[White "Packerfan"]
[Black "calsal"]
[Result "0-1"]
[WhiteElo "1674"]
[BlackElo "1800"]
[Opening "Evans gambit"]
[ECO "C52"]
[Time "09:32:23"]
[TimeControl "2700+45"]

1. e4 e5 2. Nf3 Nc6 3. Bc4 Bc5 4. b4 Bxb4 5. c3 Ba5 6. d4 exd4 7. O-O Nge7 8.
cxd4 d5 9. exd5 Nxd5 10. Ba3 Be6 11. Qb3 Qd7 12. Qxb7 Rb8 13. Qa6 Rb6 14. Ne5
Nxe5 15. Qxa5 Nxc4 16. Qxa7 Qb5 17. Qa8+ Rb8 18. Qa7 Kd7 19. Qc5 Nxa3 20. Qxa3
Qb2 21. Qxb2 Rxb2 22. a4 Ra8 23. Rc1 Rb4 24. Nc3 Nxc3 25. Rxc3 Raxa4 26. Rac1
Rc4 {White resigns} 0-1

[Event "Team 45 45 League T78"]
[Site "Internet Chess Club"]
[Date "2018.10.27"]
[Round "6"]
[White "julesraider"]
[Black "Gojira"]
[Result "1-0"]
[WhiteElo "1599"]
[BlackElo "1661"]
[Opening "QGD Slav: 4.Nc3"]
[ECO "D15"]
[Time "14:02:21"]
[TimeControl "2700+45"]

1. d4 d5 2. c4 c6 3. Nf3 Nf6 4. Nc3 a6 5. e3 Bg4 6. Be2 Nbd7 7. c5 Bxf3 8. gxf3
e5 9. Qb3 b5 10. a4 Be7 11. axb5 axb5 12. Rxa8 Qxa8 13. Rg1 exd4 14. exd4 Qb8
15. Rg2 Nh5 16. Be3 Nf8 17. Qc2 Nf4 18. Rxg7 N8g6 19. Qf5 Ng2+ 20. Kd2 Nxe3 21.
Qxf7+ Kd8 22. fxe3 Rf8 23. Rg8 Qxh2 24. Rxf8+ Nxf8 25. Na2 Qc7 26. Nb4 Kc8 27.
Qe8+ Kb7 28. Nxd5 cxd5 29. Qxb5+ Kc8 30. f4 h5 31. Bxh5 Nh7 32. Bg4+ Kd8 33. Qa6
Bh4 34. Qa8+ Ke7 35. b4 Nf6 36. Bf5 Ne4+ 37. Kc2 Bf2 38. Qxd5 Qa7 39. Qxe4+ Kf8
40. Kc3 Qa3+ 41. Kc4 Qa6+ 42. Kd5 Qb7+ 43. Ke5 Qc7+ 44. Kd5 Qb7+ 45. Kd6 Qb8+
46. Kc6 Qa8+ 47. Kb5 Qb8+ 48. Kc4 Qa7 49. Qe6 Qa2+ 50. Kb5 Qe2+ 51. Kb6 Bxe3 52.
Qf6+ Kg8 53. Be6+ Kh7 54. Qf7+ Kh6 55. Bf5 Qg2 56. Qh7# {Black checkmated} 1-0

[Event "Team 45 45 League T78"]
[Site "Internet Chess Club"]
[Date "2018.10.29"]
[Round "6"]
[White "Bizzy-Ketty"]
[Black "MathBandit"]
[Result "1-0"]
[WhiteElo "1587"]
[BlackElo "1514"]
[Opening "French: advance, Paulsen attack"]
[ECO "C02"]
[Time "18:02:26"]
[TimeControl "2700+45"]

1. e4 e6 2. d4 d5 3. e5 c5 4. c3 Nc6 5. Nf3 Qb6 6. a3 Bd7 7. Be2 Nh6 8. b4 cxd4
9. cxd4 Nf5 10. Bb2 a5 11. b5 Na7 12. a4 Be7 13. O-O O-O 14. Bd3 Rac8 15. Nc3
Bb4 16. Rc1 Rc7 17. Bxf5 exf5 18. Nxd5 Rxc1 19. Nxb6 Rxd1 20. Rxd1 Be6 21. d5
Rd8 22. Rc1 Bxd5 23. Rd1 Bc5 24. Nxd5 Nc8 25. Nf6+ {Black resigns} 1-0

[Event "Team 45 45 League T78"]
[Site "Internet Chess Club"]
[Date "2018.10.26"]
[Round "6"]
[White "Chess4Him"]
[Black "tryanything"]
[Result "1-0"]
[WhiteElo "1533"]
[BlackElo "1483"]
[Opening "Queen's pawn: London system"]
[ECO "A45"]
[Time "21:15:23"]
[TimeControl "2700+45"]

1. d4 Nf6 2. Bf4 d5 3. e3 e6 4. Bd3 c5 5. c3 Nc6 6. Nd2 Bd6 7. Bg3 cxd4 8. exd4
O-O 9. Ngf3 Re8 10. Ne5 g6 11. Ndf3 Nd7 12. Nxc6 {Black resigns} 1-0

[Event "Team 45 45 League T78"]
[Site "Internet Chess Club"]
[Date "2018.10.28"]
[Round "6"]
[White "MathBandit"]
[Black "idjit"]
[Result "0-1"]
[WhiteElo "1528"]
[BlackElo "1571"]
[Opening "French: Tarrasch, open variation"]
[ECO "C07"]
[Time "18:00:51"]
[TimeControl "2700+45"]

1. e4 e6 2. d4 d5 3. Nd2 c5 4. c3 Nc6 5. Ngf3 Nf6 6. e5 Nd7 7. Bd3 Qb6 8. O-O
cxd4 9. cxd4 Nxd4 10. Re1 Bc5 11. a3 f6 12. b4 Nxf3+ 13. Qxf3 Nxe5 14. Rxe5 Bd4
15. Qh5+ Kf8 16. Re2 Bxa1 17. Nf3 Bd7 18. Ng5 fxg5 19. Bxg5 Be8 20. Qh4 Qd6 21.
Re3 Kg8 22. Be7 Qc6 23. Bc5 b6 24. Qe7 bxc5 25. Rf3 Bf6 26. Rxf6 gxf6 27. Qxf6
cxb4 28. Qg5+ Kf7 29. Qh5+ Ke7 30. Qg5+ Kd6 31. Qf4+ Kd7 32. Qxb4 Bg6 33. Bb5
Rab8 34. Bxc6+ Kxc6 35. Qa4+ Kd6 36. h3 Rhc8 37. Qf4+ Kd7 38. Qa4+ Ke7 39. Qxa7+
Kf6 40. Qd4+ Kf7 41. Qf4+ Ke7 42. Qh4+ Kd7 43. Qa4+ Kd8 44. Qh4+ Ke8 45. Qa4+
Kf7 46. Qf4+ Kg8 47. Qe5 Rb1+ 48. Kh2 Rc6 49. Qf6 Rbc1 50. Qd8+ Kf7 51. Qd7+ Kf6
52. Qd8+ Ke5 53. Qg5+ Kd6 54. Qf4+ Kd7 55. Qd4 R1c4 56. Qg7+ Kd6 57. Qf8+ Ke5
58. Qe7 d4 59. Qg5+ Ke4 60. Qg4+ Kd5 61. Qg5+ e5 62. Qd8+ Ke4 63. Qh4+ Kd3 64.
Qg3+ Kc2 65. Qf3 d3 66. Qe3 d2 67. Qe2 Bd3 {White resigns} 0-1

[Event "Team 45 45 League T78"]
[Site "Internet Chess Club"]
[Date "2018.10.27"]
[Round "6"]
[White "chesskix"]
[Black "Chess4Him"]
[Result "1/2-1/2"]
[WhiteElo "1397"]
[BlackElo "1527"]
[Opening "English opening"]
[ECO "A10"]
[Time "21:30:39"]
[TimeControl "2700+45"]

1. c4 g6 2. Nc3 Bg7 3. g3 Nf6 4. Bg2 c6 5. e3 d6 6. Nge2 Be6 7. d3 O-O 8. Rb1 a5
9. O-O Na6 10. a3 Qc8 11. Nf4 Bg4 12. f3 Bd7 13. d4 Qc7 14. e4 Rad8 15. Be3 b5
16. cxb5 cxb5 17. Nfd5 Nxd5 18. Nxd5 Qb7 19. Nxe7+ Kh8 20. Nd5 Nc7 21. Nf4 d5
22. e5 a4 23. Nd3 Ne6 24. Nb4 Nc7 25. f4 Rfe8 26. Rc1 f5 27. Qd2 Re7 28. Rc3 Be8
29. Rfc1 h6 30. h4 Kh7 31. Kf2 h5 32. Qc2 {Game drawn by mutual agreement}
1/2-1/2

[Event "Team 45 45 League T78"]
[Site "Internet Chess Club"]
[Date "2018.10.28"]
[Round "6"]
[White "joaoazm"]
[Black "fireball"]
[Result "1-0"]
[WhiteElo "1575"]
[BlackElo "1611"]
[Opening "French: MacCutcheon, Tartakower variation"]
[ECO "C12"]
[Time "20:11:18"]
[TimeControl "2700+45"]

1. e4 e6 2. d4 d5 3. Nc3 Nf6 4. Bg5 Bb4 5. e5 h6 6. Bd2 Nfd7 7. Qg4 g6 8. Bd3
Nf8 9. Qh3 h5 10. Nf3 Be7 11. O-O g5 12. Qg3 g4 13. h3 Rg8 14. hxg4 hxg4 15. Nh2
Bh4 16. Qf4 Qg5 17. Qxg5 Bxg5 18. Nxg4 Nbd7 19. Bxg5 Rxg5 20. Nb5 Rxg4 21. Nxc7+
Kd8 22. Nxa8 Rxd4 23. Rfe1 b6 24. Re3 Rg4 25. Bb5 Bb7 26. Ra3 a5 27. Nxb6 Nxb6
28. Rxa5 Kc7 29. Be8 Rg7 30. Rc5+ Kd8 31. Rb5 Kxe8 32. Rxb6 Bc8 33. Rb4 Ng6 34.
Rg4 Rh7 35. f4 Ba6 36. Kf2 Ne7 37. a4 Kd7 38. a5 Nc6 39. c3 Rh8 40. Rg7 Ke7 41.
b3 Rc8 42. Rh7 d4 43. c4 Rb8 44. Rh3 Nb4 45. g4 Nc2 46. Rd1 Rd8 47. g5 Ne3 48.
Rd2 Nf5 49. Rh7 Rg8 50. Ke2 Kf8 51. Kd3 Ke7 52. b4 Bb7 53. Ra2 Kf8 54. a6 Ba8
55. b5 Rg7 56. Rxg7 Kxg7 57. b6 {Black resigns} 1-0

[Event "Team 45 45 League T78"]
[Site "Internet Chess Club"]
[Date "2018.10.27"]
[Round "6"]
[White "SuperPuzzler"]
[Black "bennywins"]
[Result "0-1"]
[WhiteElo "1517"]
[BlackElo "1591"]
[Opening "Ruy Lopez: Wing attack"]
[ECO "C70"]
[Time "13:02:59"]
[TimeControl "2700+45"]

1. e4 e5 2. Nf3 Nc6 3. Bb5 a6 4. Ba4 b5 5. Bb3 Nf6 6. O-O Be7 7. a4 Bb7 8. Re1
O-O 9. h3 d5 10. exd5 Nxd5 11. Nxe5 Nxe5 12. Rxe5 Nf4 13. f3 Bd6 14. Qe1 Bxe5
15. Qxe5 Qh4 16. d4 Nxg2 17. Kxg2 Rae8 18. Bxf7+ Kxf7 19. Qf4+ Qxf4 20. Bxf4 Kg8
21. Bxc7 Rxf3 22. Kg1 Re1+ 23. Kh2 Rfe3 24. d5 Bxd5 25. Nc3 Rxc3 26. Rxe1 Rxc2+
27. Kg3 Rxc7 28. Re8+ Kf7 29. Rb8 bxa4 30. Rb4 Rc4 31. Rb6 a3 32. bxa3 Rc3+ 33.
Kf4 Rxa3 34. h4 h6 35. Rd6 Rf3+ 36. Kg4 h5+ 37. Kxh5 Be6 38. Rxa6 Rf5+ 39. Kg4
Ra5+ 40. Rxe6 Kxe6 41. Kf4 Ra4+ 42. Kg5 g6 43. Kxg6 Rxh4 44. Kg5 Rh8 45. Kf4 Rh5
46. Kg4 Re5 47. Kf4 Kf6 48. Kg4 Rd5 49. Kf4 Rd4+ 50. Ke3 Rh4 51. Kf3 Ke5 52. Ke3
Rh3+ 53. Kf2 Ke4 54. Kg2 Ra3 55. Kf2 Rb3 56. Ke2 Rb2+ 57. Kd1 Ke3 58. Kc1 Rh2
59. Kd1 Rg2 60. Kc1 Kd3 61. Kb1 Kc3 62. Ka1 Kb3 63. Kb1 Rg1# {White checkmated}
0-1

[Event "Team 45 45 League T78"]
[Site "Internet Chess Club"]
[Date "2018.10.28"]
[Round "6"]
[White "guyd52"]
[Black "smsxman"]
[Result "1/2-1/2"]
[WhiteElo "1236"]
[BlackElo "1381"]
[Opening "Réti opening"]
[ECO "A04"]
[Time "07:00:35"]
[TimeControl "2700+45"]

1. Nf3 e6 2. g3 Nc6 3. Bg2 Nf6 4. d3 Be7 5. e4 O-O 6. O-O b6 7. Be3 Ba6 8. c4
Bb7 9. a3 a6 10. Nc3 Na7 11. b4 Ng4 12. Qe2 Nxe3 13. Qxe3 c5 14. Rab1 cxb4 15.
axb4 Nc6 16. b5 Nb4 17. Nd4 a5 18. Qd2 Rb8 19. Nc2 Nxc2 20. Qxc2 Bc5 21. Ne2 d5
22. Rbd1 dxe4 23. dxe4 Qe7 24. Nd4 Bxd4 25. Rxd4 Rfd8 26. Rfd1 Rxd4 27. Rxd4 Qc5
28. Qd3 g6 29. Rd8+ Rxd8 30. Qxd8+ Kg7 31. Qd7 Qxc4 32. Qxb7 Qxb5 33. Qc8 Qb1+
34. Bf1 Qxe4 35. Qc3+ e5 36. Bd3 Qd4 37. Qxd4 exd4 38. Bb5 Kf6 39. Kf1 Ke5 40.
Ke2 f6 41. Kd3 g5 42. f3 h6 43. Kc4 f5 44. Ba4 {Game drawn by mutual agreement}
1/2-1/2

[Event "Team 45 45 League T78"]
[Site "Internet Chess Club"]
[Date "2018.10.28"]
[Round "6"]
[White "CMAlge"]
[Black "Conjurer"]
[Result "1-0"]
[WhiteElo "1286"]
[BlackElo "1280"]
[Opening "French: advance, Paulsen attack"]
[ECO "C02"]
[Time "13:07:26"]
[TimeControl "2700+45"]

1. e4 e6 2. d4 d5 3. e5 c5 4. c3 Nc6 5. Nf3 cxd4 6. cxd4 f6 7. Bb5 fxe5 8. Nxe5
Ne7 9. Bg5 h6 10. Qh5+ g6 11. Nxg6 Kd7 12. Nxh8 hxg5 13. O-O Bg7 14. Nf7 Qf8 15.
Ne5+ Kc7 16. Bxc6 bxc6 17. Nc3 Ba6 18. Rfe1 Qf4 19. Rad1 Rh8 20. g3 Qf5 21. Qf3
Bxe5 22. Qxf5 Nxf5 23. Rxe5 Kd6 24. Ree1 c5 25. dxc5+ Kxc5 26. Rc1 Nd4 27. Ne2+
Bc4 28. Nxd4 Kxd4 29. Rcd1+ Bd3 30. Rxe6 {Black resigns} 1-0

[Event "Team 45 45 League T78"]
[Site "Internet Chess Club"]
[Date "2018.10.27"]
[Round "6"]
[White "Andaluz"]
[Black "mongmong"]
[Result "0-1"]
[WhiteElo "1251"]
[BlackElo "1445"]
[Opening "French: exchange variation"]
[ECO "C01"]
[Time "07:00:26"]
[TimeControl "2700+45"]

1. e4 e6 2. d4 d5 3. exd5 Qxd5 4. Nc3 Bb4 5. Ne2 Nf6 6. Bd2 Qd8 7. a3 Bd6 8. Bf4
O-O 9. Nb5 a6 10. Nxd6 cxd6 11. Ng3 b5 12. Be2 Bb7 13. O-O Nd5 14. Bc1 Nf6 15.
Bf3 Bxf3 16. Qxf3 d5 17. Bg5 Nbd7 18. Nh5 h6 19. Nxf6+ Nxf6 20. Bxf6 Qxf6 21.
Qxf6 gxf6 22. f4 f5 23. Rf3 Rac8 24. c3 Kh7 25. Kf2 Rc7 26. Rd1 Rfc8 27. Rdd3 a5
28. b4 axb4 29. axb4 Ra7 30. Rd2 Rca8 31. Re3 Ra3 32. Rc2 Ra1 33. Re1 R1a4 34.
Re3 Rc8 35. Rg3 Rxb4 36. Rd3 Rb3 37. Ke2 Ra8 38. Kf2 Raa3 39. Ke2 b4 40. Kd2 Kg6
41. Rg3+ Kh5 42. Rd3 Kg4 43. Rf3 Rxc3 44. h3+ Kh4 45. Rfxc3 Rxc3 {White resigns}
0-1

[Event "Team 45 45 League T78"]
[Site "Internet Chess Club"]
[Date "2018.10.24"]
[Round "6"]
[White "PsyMar"]
[Black "SeniorCitizen"]
[Result "0-1"]
[WhiteElo "1258"]
[BlackElo "1276"]
[Opening "Polish (Sokolsky) opening"]
[ECO "A00"]
[Time "15:00:54"]
[TimeControl "2700+45"]

1. b4 e5 2. Bb2 d6 3. c4 Nf6 4. d3 Be7 5. Nd2 O-O 6. e4 b6 7. g3 Bb7 8. Ne2 c5
9. b5 a5 10. a4 Nbd7 11. f4 Ng4 12. h4 Ne3 13. Qb3 Nf6 14. Bh3 Nfg4 15. Bxg4
Nxg4 16. Rf1 Bxh4 17. fxe5 dxe5 18. Rf5 Bf6 19. O-O-O Ne3 20. Rdf1 Qd6 21. Nc3
Nxf5 22. exf5 Qxd3 23. Qd1 Rad8 24. Nf3 Bxf3 25. Qxd3 Rxd3 26. Nd5 Bxd5 27. cxd5
Rxd5 {White resigns} 0-1

[Event "Team 45 45 League T78"]
[Site "Internet Chess Club"]
[Date "2018.10.30"]
[Round "6"]
[White "olivermx"]
[Black "Just-Jim"]
[Result "0-1"]
[WhiteElo "1138"]
[BlackElo "1271"]
[Opening "St. George (Baker) defense"]
[ECO "B00"]
[Time "17:09:38"]
[TimeControl "2700+45"]

1. e4 a6 2. d4 d6 3. Nf3 Nd7 4. Bc4 h6 5. O-O e6 6. Bb3 Ngf6 7. Re1 Be7 8. c3
O-O 9. Nbd2 Nh7 10. Nf1 Ng5 11. Ng3 d5 12. e5 Nxf3+ 13. Qxf3 f6 14. exf6 Nxf6
15. Bc2 c5 16. Be3 e5 17. dxe5 Ng4 18. Rad1 Rxf3 {White resigns} 0-1

[Event "Team 45 45 League T78"]
[Site "Internet Chess Club"]
[Date "2018.10.27"]
[Round "6"]
[White "WzeroMN"]
[Black "oldbookseller"]
[Result "0-1"]
[WhiteElo "1007"]
[BlackElo "1113"]
[Opening "Ruy Lopez: Berlin defense, Beverwijk variation"]
[ECO "C64"]
[Time "13:01:20"]
[TimeControl "2700+45"]

1. e4 e5 2. Nf3 Nc6 3. Bb5 Bc5 4. O-O Nf6 5. Re1 O-O 6. Bxc6 dxc6 7. h3 Qd6 8.
d3 Nh5 9. Nbd2 Qg6 10. Nxe5 Qg5 11. Ndf3 Qf6 12. Bg5 Qe6 13. g4 f6 14. d4 fxg5
15. Nxg5 Qf6 16. Nef3 Nf4 17. dxc5 Nxh3+ 18. Nxh3 Bxg4 19. Re3 Bxh3 20. Kh2 Qf4+
21. Kxh3 Qh6+ 22. Nh4 Qe6+ 23. Qg4 Qf6 24. Rf3 Qh6 25. Rxf8+ Rxf8 26. Kg2 g5 27.
Nf5 Qe6 28. Qxg5+ Kf7 29. Qg7+ Ke8 30. Qg4 h5 31. Qxh5+ Kd8 32. Nd4 Qxe4+ 33. f3
Rg8+ 34. Kf2 Qxd4+ 35. Ke2 Qc4+ 36. Kf2 Qxc2+ 37. Ke3 Qxb2 38. Qh4+ Kd7 39. Rd1+
Ke6 40. Qe4+ Kf6 41. Qf4+ Kg6 42. Qg4+ Kf6 43. Qxg8 Qc3+ 44. Rd3 Qc1+ 45. Ke2
Qc2+ 46. Ke3 Qxc5+ 47. Ke4 Qe5# {White checkmated} 0-1

[Event "Team 45 45 League T78"]
[Site "Internet Chess Club"]
[Date "2018.10.25"]
[Round "6"]
[White "CMAlge"]
[Black "rkjulianjr"]
[Result "1-0"]
[WhiteElo "1269"]
[BlackElo "1312"]
[Opening "Giuoco Piano"]
[ECO "C53"]
[Time "17:57:28"]
[TimeControl "2700+45"]

1. e4 e5 2. Nf3 Nc6 3. Bc4 Bc5 4. c3 Bb6 5. d4 d6 6. dxe5 Nxe5 7. Nxe5 dxe5 8.
Qxd8+ Kxd8 9. Bxf7 Nf6 10. Bg5 Ke7 11. Bb3 Rf8 12. Nd2 h6 13. Bxf6+ gxf6 14. f3
Be6 15. Bxe6 Kxe6 16. O-O-O Be3 17. Rhe1 Bg5 18. g3 h5 19. Rf1 Bh6 20. Kc2 f5
21. f4 Rf7 22. Rde1 Raf8 23. Nc4 Bg7 24. Nxe5 Bxe5 25. fxe5 fxe4 26. Rf6+ Kxe5
27. Rxf7 Rxf7 28. Kd2 Rf2+ 29. Re2 Rf1 30. Re1 Rxe1 31. Kxe1 e3 32. Ke2 Ke4 33.
b3 c6 34. h3 a5 35. g4 h4 36. g5 Kf5 37. g6 Kxg6 38. Kxe3 Kg5 39. Ke4 b6 40. a3
b5 41. a4 bxa4 42. bxa4 c5 43. Ke5 c4 44. Ke4 Kf6 45. Kf4 Ke6 46. Ke4 Kf6 47.
Kd4 Kf5 48. Kxc4 Kf4 49. Kb5 Kg3 50. c4 Kxh3 51. c5 Kg2 52. c6 h3 53. c7 h2 54.
c8=Q h1=Q 55. Qc6+ {Black resigns} 1-0

[Event "Team 45 45 League T78"]
[Site "Internet Chess Club"]
[Date "2018.10.26"]
[Round "6"]
[White "Toalla"]
[Black "grekor"]
[Result "1-0"]
[WhiteElo "1230"]
[BlackElo "1164"]
[Opening "Giuoco Piano"]
[ECO "C50"]
[Time "13:00:19"]
[TimeControl "2700+45"]

1. e4 e5 2. Nf3 Nc6 3. Bc4 Bc5 4. d4 exd4 5. O-O Nge7 6. Ng5 d5 7. exd5 Nxd5 8.
Nxf7 Kxf7 9. Qf3+ Ke6 10. Re1+ Ne5 11. Bf4 c6 12. Rxe5+ Kd7 13. Rxd5+ cxd5 14.
Qxd5+ Ke8 15. Qf7# {Black checkmated} 1-0

[Event "Team 45 45 League T78"]
[Site "Internet Chess Club"]
[Date "2018.10.26"]
[Round "6"]
[White "pandaknight"]
[Black "vedv"]
[Result "1-0"]
[WhiteElo "946"]
[BlackElo "1057"]
[Opening "English: Carls' Bremen system"]
[ECO "A22"]
[Time "21:15:50"]
[TimeControl "2700+45"]

1. c4 e5 2. Nc3 Nf6 3. g3 Be7 4. Bg2 O-O 5. Nf3 Nc6 6. d4 e4 7. Ng5 h6 8. Ngxe4
Nxe4 9. Bxe4 Bg5 10. Bxg5 Qxg5 11. f4 Qg4 12. Qd3 Nb4 13. Qd2 d6 14. O-O-O Bf5
15. Bxf5 Qxf5 16. e4 Qg4 17. a3 Nc6 18. Rde1 Rfe8 19. e5 dxe5 20. fxe5 Nxd4 21.
Kb1 Nf3 22. Qd1 Rad8 23. Nd5 c6 24. Re3 cxd5 25. Rxf3 dxc4 26. Qe2 f6 27. Rhf1
Rxe5 28. Qc2 a5 29. Rf4 Qe6 30. Qa4 b5 31. Qxa5 Re8 32. Rd1 g5 33. Rfd4 Qf5+ 34.
Ka2 Re2 35. Rxc4 Qf2 36. Qxb5 Qxh2 37. Rc7 R2e6 38. Rdd7 Qh5 39. Rg7+ Kf8 40.
Qc5+ R8e7 41. Rcxe7 Rd6 42. Qc8+ Qe8 43. Qxe8# {Black checkmated} 1-0